Unix NetHack Version 5.0.0-0 post-release - last build Jun 10 2026 00:39:30 (3ee93aec679c4c4259841fe613dc97188e26a321,branch:main).

Game began 2026-06-24 17:14:57, ended 2026-06-24 17:29:35.

DiePARTEI, neutral female human Tourist

                                   ---- ----
       ---                        --..---..|
     ---.--           ---  ---    |....|...|
     |....--  ----- ---.----.---- |-...|.---
     |.....| --...---...........---......|         -----
     --....|--...................|.......|   --- ---...--       -----
      |....||..........@...h.............|   |.--|......---------...--
     --...--|..........----.|...---.---.--   |...|.|..........|......|  ---
   ---....| |....--....||...|-..| --- |.|    |...|.|>.|.----.........|  |.--
   |......| |-.-.|-....--.---|..--    |.|    |..-|.|--|..............---|..---
 ---....--- |..<.|...--...| --...|    |.|-----..--.|---..---............|....--
 |......|----.---|..---.--- |....|    |.|..........|-.....|.-..--.............|
 |.----.|.....|  ---|...|   |-.---   --.....---..--|...........|---.|.-----...|
 |.| |..|.-----   ---.---  --..|  ----.......||..| --.........-|  -----   |..--
 |.| |....|       |...|    |...----.|.......--|..-- |..........|          ----
 |.|--..---    ---|.---    |...............-- |...| --..--.....-----
 |.|....|      |..|.--------.------........-- |...|  |..|---.....|.-- ---
--.|....|      |.............|    ----......| --.--  ----  ---......---.--
|..|-...|      ---.-----------       --.|..--  ---           ---.---.....|
|..|-----        ---                  ------                   --- |..|.--
----                                                               ------
DiePARTEI the Sightseer     St:15 Dx:11 Co:14 In:16 Wi:9 Ch:16  Neutral
Dlvl:6  $:71 HP:0(24) Pw:17(17) AC:-1 Xp:4 T:1740  Burdened

Latest messages:
 Z - a pick-axe (weapon in left hand).
 You have no secondary weapon readied.
 You continue digging.
 You hit the rock with all your might.
 You make an opening in the wall.
 You see here 2 +2 darts.
 You have a little trouble lifting a - 2 +2 darts (at the ready) (11 in total).
 You swap places with your little dog.
 You swap places with your little dog.
 You see here 10 rocks.
 You fall down the stairs.
 What do you want to read? [lFKOP or ?*] l
 As you read the scroll, it disappears.
 A map coalesces in your mind!
 You are beginning to feel hungry.
 You swap places with your little dog.
 The little dog bites the gnome.
 The gnome is killed!
 The gnome lord hits!
 The little dog bites the gnome lord.
 The gnome lord hits the little dog.
 The little dog bites the gnome lord.
 The gnome lord misses the little dog.
 The gnome lord just misses!
 The little dog misses the gnome lord.
 The gnome lord hits!
 The little dog bites the gnome lord.
 The gnome lord is killed!
 Your little dog grows up into a dog.
 Your dog eats a gnome lord corpse.
 You swap places with your dog.
 You see here an orange gem.
 You have a little trouble lifting x - an orange gem.
 What do you want to eat? [b-iV or ?*] ?
 You resume your meal.
 You finish eating the food ration.
 You stop.  Your dog is in the way!
 The dwarf zaps a copper wand!
 The wand hits the dog!
 The wand misses you.
 The dwarf zaps a wand of striking!
 The wand hits the dog!
 The dog is killed!
 The wand hits you!
 You die...
 Do you want your possessions identified? [ynq] (y) y
 Do you want to see your attributes? [ynq] (y) y
 Do you want an account of creatures vanquished? [ynaq] (y) y
 Do you want to see your conduct and achievements? [ynq] (y) y
 Do you want to see the dungeon overview? [ynq] (y) y

Inventory:
 Coins    ('$')
  $ - 71 gold pieces
 Weapons  (')')
  U - 4 blessed +1 darts
  a - 11 +2 darts (at the ready)
  S - 14 +0 darts
  W - a +0 dagger
  H - 2 +0 orcish daggers
  M - a cursed +0 axe
  Q - a +0 scimitar
 Armor    ('[')
  I - an uncursed +2 orcish helm (being worn)
  R - an uncursed +0 orcish helm
  T - an uncursed +0 orcish helm
  X - an uncursed +0 pair of iron shoes (being worn)
  s - an uncursed +0 shield of drain resistance (being worn)
  t - an uncursed +1 mummy wrapping
  m - an uncursed +0 Hawaiian shirt with a sea turtle motif (being worn)
  v - an uncursed +0 elven mithril-coat (being worn)
 Comestibles  ('%')
  i - an uncursed slime mold
  f - 2 uncursed cream pies
  e - 8 uncursed food rations
  b - an uncursed orange
  h - an uncursed pancake
  c - 2 uncursed tripe rations
  g - 2 uncursed tins of boiled sewer rat meat
  d - an uncursed egg
 Scrolls  ('?')
  K - a cursed scroll of confuse monster
  O - an uncursed scroll of earth
  l - 3 uncursed scrolls of magic mapping
  F - an uncursed scroll of teleportation
 Spellbooks  ('+')
  P - an uncursed spellbook of polymorph
 Potions  ('!')
  k - a blessed potion of extra healing
  j - an uncursed potion of extra healing
  L - a blessed potion of healing
 Rings    ('=')
  N - an uncursed ring of polymorph control (on left hand)
 Wands    ('/')
  J - a wand of digging (0:3)
  p - a wand of light (0:14)
 Tools    ('(')
  o - an uncursed credit card
  n - an expensive camera (0:97)
  Z - a +0 pick-axe (weapon in left hand)
 Gems/Stones  ('*')
  u - an uncursed dilithium crystal
  r - 2 uncursed worthless pieces of blue glass
  q - a cursed worthless piece of blue glass
  x - an uncursed worthless piece of orange glass
  w - an uncursed worthless piece of white glass
  Y - an uncursed worthless piece of yellowish brown glass

DiePARTEI the Tourist's attributes:

Background:
 You were a Sightseer, a level 4 female human Tourist.
 You were neutral, nominally on a mission for The Lady
 who was opposed by Blind Io (lawful) and Offler (chaotic).
 You were left-handed.
 You were in the Gnomish Mines, on level 6.
 You entered the dungeon 1740 turns ago.
 You had 134 experience points, 26 more were needed to attain level 5.

Basics:
 You had 0 out of 24 hit points.
 You had all 17 energy points (spell power).
 Your armor class was -1.
 Your wallet contained 71 zorkmids.
 Autopickup was off.

Final Characteristics:
 Your strength was 15 (limit:18/100).
 Your dexterity was 11 (limit:18).
 Your constitution was 14 (limit:18).
 Your intelligence was 16 (limit:18).
 Your wisdom was 9 (limit:18).
 Your charisma was 16 (limit:18).

Final Status:
 You weren't hungry.
 You were burdened; movement was slightly slowed.
 You were wielding a pick-axe.
 You were unskilled in pick-axe.

Final Attributes:
 You were devoutly aligned.
 You were level-drain resistant.
 You were guarded.
 You had polymorph control.
 You are dead.

Miscellaneous:
 You didn't encounter any bones levels.
 Total elapsed playing time was 14 minutes and 37 seconds.

Major events:
 Turn
    1: DiePARTEI the neutral female human Tourist entered the dungeon
  898: attained the rank of Sightseer (level 3)
 1549: entered the Gnomish Mines
 1740: killed by a wand

You didn't know any spells.

Skills:
 Fighting Skills
   bare handed combat [Unskilled]
   two weapon combat  [Unskilled]
   riding             [Unskilled]
 Weapon Skills
   dagger             [Unskilled]
   knife              [Unskilled]
   axe                [Unskilled]
   pick-axe           [Unskilled]
   short sword        [Unskilled]
   broadsword         [Unskilled]
   long sword         [Unskilled]
   two-handed sword   [Unskilled]
   saber              [Unskilled]
   mace               [Unskilled]
   morning star       [Unskilled]
   flail              [Unskilled]
   hammer             [Unskilled]
   quarterstaff       [Unskilled]
   polearms           [Unskilled]
   spear              [Unskilled]
   trident            [Unskilled]
   lance              [Unskilled]
   bow                [Unskilled]
   sling              [Unskilled]
   crossbow           [Unskilled]
   dart               [Basic]
   shuriken           [Unskilled]
   boomerang          [Unskilled]
   whip               [Unskilled]
   unicorn horn       [Unskilled]
 Spellcasting Skills
   divination spells  [Unskilled]
   enchantment spells [Unskilled]
   escape spells      [Unskilled]

Voluntary challenges:
 Character rerolling was not enabled.
 You were an atheist.
 You never hit with a wielded weapon.
 You never genocided any monsters.
 You never polymorphed an object.
 You never changed form.
 You used no wishes.
Achievements:
 You entered a shop.
 You attained the rank of Sightseer.
 You entered the Gnomish Mines.

 The Dungeons of Doom: levels 1 to 4
    Level 1:
       A fountain.
    Level 2:
       An armor shop, a fountain.
    Level 3:
       Many fountains.
    Level 4:
       Stairs down to The Gnomish Mines.
 The Gnomish Mines: levels 5 to 6
    Level 5:
    Level 6: <- You were here.
       Final resting place for
          you, killed by a wand.


Vanquished creatures:
  a dog
  a gnome leader
  a kobold mummy
  2 dwarves
  2 orc zombies
  2 dwarf zombies
  a gas spore
  a large kobold
  2 hobgoblins
  9 gnomes
  a gecko
  2 jackals
  4 goblins
  a sewer rat
  a grid bug
  4 lichens
  3 kobold zombies
  4 newts
42 creatures vanquished.

No species were genocided or became extinct.

Game over:
                       ----------
                      /          \
                     /    REST    \
                    /      IN      \
                   /     PEACE      \
                  /                  \
                  |    DiePARTEI     |
                  |      71 Au       |
                  | killed by a wand |
                  |                  |
                  |                  |
                  |                  |
                  |       2026       |
                 *|     *  *  *      | *
        _________)/\\_//(\/(/\)/\//\/|_)_______

Aloha DiePARTEI the Tourist...

You died in The Gnomish Mines on dungeon level 6 with 816 points,
and 71 pieces of gold, after 1740 moves.
You were level 4 with a maximum of 24 hit points when you died.

